[Event "III GM Brena Baja-La Palma 2022"]
[Site "La Palma"]
[Date "2022.04.08"]
[Round "1.1"]
[White "Herrera Reyes, Jose Antonio"]
[Black "Strikovic, Aleksa"]
[Result "1/2-1/2"]
[ECO "A53"]
[WhiteElo "2319"]
[BlackElo "2486"]
[Annotator "TA"]
[PlyCount "146"]
[EventDate "2022.04.01"]
[EventType "tourn"]
[EventCountry "ESP"]
[SourceTitle "playchess.com"]
[Source "ChessBase"]
[SourceQuality "1"]
[TimeControl "5400+30"]

1. Nf3 d5 2. g3 Nf6 3. Bg2 c6 4. d3 Nbd7 5. c4 dxc4 6. dxc4 e5 7. O-O Be7 {[%emt 0:00:26] [#] was the old line (7...Bc5). A53: Old Indian Defence without Nf3.} 8. Nh4 $146 ({Predecessor:} 8. Nc3 O-O 9. Qc2 Qc7 10. Rd1 Re8 11. a3 a5 12. Rb1 h6 13. h3 Nb6 14. b3 a4 15. Nxa4 Nxa4 16. bxa4 e4 17. Bf4 Qa5 18. Nd2 Qxa4 19. Rb3 Bf5 {1-0 (50) Svidler,P (2760)-Morozevich,A (2665) Moscow 2018}) 8... g6 9. h3 (9. b3 $11) 9... O-O {[%emt 0:01:16] Black is slightly better.} 10. Bh6 Re8 11. Nc3 a5 12. Qc1 Nc5 13. Nf3 Nfd7 14. Qe3 f6 15. Rad1 Qb6 16. g4 Qc7 (16... Qxb2 $17 17. Nd2 Qa3) 17. Nd2 $11 Nf8 18. Nde4 Nfe6 19. Qf3 f5 20. gxf5 Nd4 21. Rxd4 exd4 22. f6 $40 {[%emt 0:00:17][%mdl 128] Intending f7+ and mate. White attacks.} Bf8 23. Ng5 $1 {[%emt 0:06:18] Threatening mate with f7+.} Be6 {[%emt 0:03:24] Inhibits f7+.} 24. Bxf8 {[%emt 0:00:05] Really sharp!} Rxf8 25. Nce4 Qe5 (25... Nxe4 $1 $11 26. Nxe6 Qf7 27. Qxe4 (27. Nxf8 Nd2 $15) 27... Rae8) 26. Nxc5 $18 {[%emt 0:00:07] Pair of Knights!} Rxf6 27. Qe4 (27. Ncxe6 $2 Rxf3 28. Bxf3 h6 $19) 27... Qxc5 28. Nxe6 Qxc4 29. Nxd4 ({White should try} 29. Ng5 $1 $18) 29... Qxa2 $16 30. b3 a4 31. bxa4 Rxa4 (31... Qxa4 $142 32. Rb1 Rf7) 32. Qe5 Qf7 (32... Rf7 $16 33. Be4 Ra5 34. Qb8+ Kg7) 33. Nf3 {[%emt 0:00:01] And now Ng5 would win.} Re6 34. Qb2 {[%emt 0:00:21] Black must now prevent Ng5.} Re7 35. Rd1 Ra8 36. Ng5 Qf5 {[%emt 0:00:06] [#]} 37. Qb3+ ({White should play} 37. Ne4 $1 $18 ) 37... Kg7 {[%emt 0:00:07] [#]} 38. Ne4 {[%emt 0:00:33][%mdl 512] &Bianco is more active.} Qe5 {[%emt 0:00:30] Prevents Qb2.} 39. Qb1 {[%emt 0:00:49] Inhibits Ra1.} Ra4 40. Ng3 h5 41. e3 Rf7 42. Ne2 Qf5 43. Qb2+ Qf6 44. Nd4 Kh7 45. Qc2 Ra8 46. Nf3 Kg7 47. e4 Ra1 48. e5 Qf5 49. Qd2 Rxd1+ 50. Qxd1 g5 (50... Rd7 $16 {is a better defense.} 51. Qe2 Kf8) 51. Qa1 $2 ({Only move:} 51. e6 $1 $18 Re7 52. Nd4) 51... g4 $11 52. e6+ Rf6 {[%emt 0:00:32] [#]} (52... Qf6 $5 53. Qb1 (53. Qa8 $2 Qxe6 54. Qa1+ Qf6 $19) 53... gxf3 54. exf7 fxg2 $11) 53. e7 $1 Kf7 54. Qa8 Kxe7 55. Qxb7+ Kf8 {[%emt 0:00:09] [#]} (55... Qd7 $11 56. Qxd7+ (56. Qb4+ Qd6 $14) 56... Kxd7 57. hxg4 hxg4 58. Ne5+ Ke6 59. Nxg4 Rf4) 56. Qb8+ (56. hxg4 $1 $16 hxg4 57. Qa8+ (57. Qb8+ Kg7 $14) 57... Kg7 58. Qa7+ Rf7 59. Qd4+ Rf6 60. Nd2 (60. Nh4 Qg5 $11)) 56... Kg7 57. Qg3 Qf4 {[%emt 0:00:38] ...Qxg3 is the strong threat. The position is equal.} 58. hxg4 Qxg3 {[%emt 0:02:08][%mdl 64] Remove Defender} 59. fxg3 hxg4 60. Ne5 c5 61. Nxg4 Rg6 62. Ne3 c4 63. Kf2 c3 64. Be4 Rg5 65. Kf3 Kf6 66. Kf4 {[%emt 0:00:31] White wants to mate with Ng4+.} Ra5 67. g4 Rb5 68. Nc2 Ra5 69. Ke3 Kg5 70. Kf3 Ra4 71. Ne3 Rd4 72. Bf5 Ra4 73. Ke2 Rd4 {[%emt 0:00:02] Blacks defense is rewarded with a draw.  Weighted Error Value: White=0.19 (very precise) /Black=0.22 (precise)} 1/2-1/2

[Event "III GM Brena Baja-La Palma 2022"]
[Site "La Palma"]
[Date "2022.04.08"]
[Round "1.2"]
[White "Kurajica, Bojan"]
[Black "Zwirs, Nico"]
[Result "1-0"]
[ECO "D35"]
[WhiteElo "2519"]
[BlackElo "2461"]
[Annotator "TA"]
[PlyCount "115"]
[EventDate "2022.04.01"]
[EventType "tourn"]
[EventCountry "ESP"]
[SourceTitle "playchess.com"]
[Source "ChessBase"]
[SourceQuality "1"]
[TimeControl "5400+30"]

1. Nf3 d5 2. d4 Nf6 3. c4 e6 4. Nc3 Nbd7 5. cxd5 exd5 6. Bf4 Nb6 {[%emt 0:02:33] D35: Queen's Gambit Declined: Exchange Variation.} 7. e3 {[%emt 0:08:08] 7.Qc2 is vanishing.} Bf5 8. Bd3 Bxd3 {[%emt 0:00:48] The position is equal.} 9. Qxd3 Bd6 10. Bg5 {[%emt 0:07:58] [#]} O-O $146 ({Predecessor:} 10... Be7 11. O-O O-O 12. Bxf6 Bxf6 13. b4 a6 14. Nd2 Be7 15. Rfb1 c6 16. a4 g6 {0-1 (41) Xu,X (2573)-Yu,Y (2709) Xinghua 2020}) 11. O-O c6 12. Rfe1 Be7 13. Nd2 Re8 14. Bxf6 Bxf6 15. b4 Qd6 16. Rab1 a6 17. a4 Nd7 18. a5 Bd8 19. e4 Qg6 20. Qh3 Bg5 21. Nf3 $16 Nf8 22. Qg3 Bf6 23. Qxg6 hxg6 24. exd5 Red8 ({Black should try} 24... Rxe1+ 25. Rxe1 cxd5) 25. dxc6 {[%emt 0:04:57] &Bianco is more active.} bxc6 26. Ne4 Ne6 27. Nxf6+ gxf6 28. Rec1 Nxd4 (28... Rd6 $16) 29. Nxd4 $18 Rxd4 30. Rxc6 $16 {[%emt 0:00:08][%mdl 4096] Endgame KRR-KRR} Kg7 31. g3 Rb8 (31... f5 {was worth a try.} 32. Kg2 Rd5) 32. Rxa6 $18 {[%emt 0:00:36] [#] Threatens to win with b5.} Rdxb4 33. Rxb4 Rxb4 {[%emt 0:00:01] KR-KR} 34. Rb6 Ra4 35. a6 g5 36. h3 {[%emt 0:00:19] And now Kf1 would win.} f5 37. Kg2 Kh7 $2 {[%emt 0:02:29] A mistake that costs the game.} (37... f4 $16 {was necessary.} 38. Kf3 fxg3) 38. Kf3 f4 39. gxf4 Rxf4+ 40. Ke3 Ra4 $2 (40... f5 41. Rb7+ Kg6) 41. Kd3 {[%emt 0:00:15] [#] aiming for Kc3.} Ra2 42. f3 Ra3+ 43. Kc4 Rxf3 44. Rb3 ({Not} 44. a7 Ra3 $18) 44... Rf4+ 45. Kb5 Rf1 46. Ra3 Rb1+ 47. Kc6 Rb8 48. a7 Ra8 49. Kb7 Rxa7+ 50. Rxa7 {[%emt 0:00:41] KR-KPP. White mates.} Kg6 51. Kc6 f5 52. Kd5 Kh5 53. Ke5 f4 54. Kf5 Kh4 55. Rh7+ Kg3 56. Kxg5 f3 57. h4 f2 58. Rf7 {[%emt 0:00:12] Weighted Error Value: White=0.04 (flawless) /Black=0.30} 1-0

[Event "III GM Brena Baja-La Palma 2022"]
[Site "La Palma"]
[Date "2022.04.08"]
[Round "1.3"]
[White "Petkov, Vladimir"]
[Black "Pulvett Marin, Daniel Eduardo"]
[Result "1/2-1/2"]
[ECO "D94"]
[WhiteElo "2491"]
[BlackElo "2499"]
[Annotator "TA"]
[PlyCount "38"]
[EventDate "2022.04.01"]
[EventType "tourn"]
[EventCountry "ESP"]
[SourceTitle "playchess.com"]
[Source "ChessBase"]
[SourceQuality "1"]
[TimeControl "5400+30"]

1. d4 Nf6 2. c4 g6 3. Nc3 d5 4. cxd5 Nxd5 5. e3 Bg7 6. Bc4 Nb6 7. Bb3 O-O 8. Nf3 c5 9. O-O cxd4 10. Nxd4 {[%emt 0:00:35] The position is equal.} Bd7 {[%emt 0:16:55] D94: Grünfeld: 4 Nf3 Bg7 5 e3.} 11. e4 Nc6 12. Nxc6 Bxc6 {[%emt 0:00:11] [#]} 13. Bg5 $146 ({Predecessor:} 13. Qf3 e6 14. Qg3 Qe7 15. Re1 Qb4 16. h4 a5 17. Bc2 a4 18. a3 Qa5 19. h5 Qxh5 20. e5 Nc4 21. Bd1 Qf5 22. Bg4 Qc2 23. Bd1 {½-½ (23) Kuzmin,G-Jansa,V Zinnowitz 1971}) 13... Qxd1 14. Rfxd1 e6 15. f3 Rfc8 16. Be3 Be8 17. Bd4 Nc4 18. Bxg7 Kxg7 19. Bxc4 Rxc4 {[%emt 0:00:17] A balanced but interesting game.  Weighted Error Value: White=0.00 (flawless) /Black=0.03 (flawless)} 1/2-1/2

[Event "III GM Brena Baja-La Palma 2022"]
[Site "La Palma"]
[Date "2022.04.10"]
[Round "3.1"]
[White "Kurajica, Bojan"]
[Black "Strikovic, Aleksa"]
[Result "1/2-1/2"]
[ECO "D45"]
[WhiteElo "2519"]
[BlackElo "2486"]
[Annotator "TA"]
[PlyCount "41"]
[EventDate "2022.04.01"]
[EventType "tourn"]
[EventCountry "ESP"]
[SourceTitle "playchess.com"]
[Source "ChessBase"]
[SourceQuality "1"]
[TimeControl "5400+30"]

1. d4 d5 2. Nf3 Nf6 3. c4 c6 4. e3 e6 5. Qc2 Nbd7 6. cxd5 exd5 7. Nc3 Bd6 8. Bd3 O-O 9. O-O Re8 10. Re1 Nf8 11. e4 {[%emt 0:00:11] D45: Semi-Slav: 5 e3.} dxe4 12. Nxe4 Nxe4 13. Rxe4 Rxe4 14. Bxe4 {[%emt 0:00:02] [#] An even fight not without its subleties.} {Predecessor:} h6 $146 15. Bd2 Be6 16. Rd1 Qe7 17. Re1 Qc7 18. Be3 Nd7 19. Rc1 Nf6 20. a3 Nxe4 21. Qxe4 {0-1 (38) Venter,P (1668)-Medeiros,T (2030) Blumenau 2016} 1/2-1/2

[Event "III GM Brena Baja-La Palma 2022"]
[Site "La Palma"]
[Date "2022.04.10"]
[Round "3.2"]
[White "Petkov, Vladimir"]
[Black "Herrera Reyes, Jose Antonio"]
[Result "0-1"]
[ECO "A30"]
[WhiteElo "2491"]
[BlackElo "2319"]
[Annotator "TA"]
[PlyCount "90"]
[EventDate "2022.04.01"]
[EventType "tourn"]
[EventCountry "ESP"]
[SourceTitle "playchess.com"]
[Source "ChessBase"]
[SourceQuality "1"]
[TimeControl "5400+30"]

1. Nf3 Nf6 2. g3 b6 3. Bg2 Bb7 4. O-O e6 5. c4 c5 6. Re1 {[%emt 0:08:38][%cal Oe2e4] A30: Symmetrical English: Double Fianchetto and Hedgehog.} Qc7 (6... Be7 $11 {might be stronger.}) 7. Nc3 $14 a6 8. e4 {[%emt 0:02:48] White is slightly better.} d6 9. b3 Nbd7 10. Bb2 Be7 11. d4 cxd4 12. Qxd4 Rc8 13. Rad1 O-O 14. h3 Qb8 15. Qe3 Rfe8 {[%emt 0:06:42][%cal Ob6b5] [#]} 16. g4 $146 ({Predecessor:} 16. Nd4 Bf8 17. Kh2 Ba8 18. Re2 g6 19. Qd2 Nc5 20. Qe1 Rcd8 21. Nc2 Bg7 22. Nb4 {0-1 (40) Meier,G (2647)-Medvegy,Z (2510) Germany 2014}) 16... b5 17. g5 Nh5 18. cxb5 axb5 19. Nxb5 e5 20. Bf1 Nf4 21. h4 Nc5 22. Nd2 Bc6 23. Nd4 (23. a4 $5 ) 23... Bd7 (23... Ba8 $11) 24. Nf5 $16 Bxf5 25. exf5 Qa8 $2 (25... Kh8 $16) 26. Nc4 $18 Qxa2 27. Rxd6 f6 (27... Bxd6 $16 {is more resistant.} 28. Nxd6 Qxb2) 28. b4 $2 (28. gxf6 $18 gxf6 29. Qg3+ Kf8 30. Rb6) 28... Ncd3 $1 $11 29. Rxd3 Qxc4 30. Rc1 Qa2 {[%emt 0:02:04][%mdl 8192] [#]} (30... Qxb4 $11 {and Black has nothing to worry.} 31. Rb3 Qd6) 31. Rb3 $2 (31. Rxc8 $1 $18 {and the rest is easy.} Rxc8 {[#]} 32. Rc3 $1) 31... Rxc1 $16 32. Bxc1 {[%emt 0:00:02][%cal Oe3e4] Hoping for Qe4!} Kh8 33. b5 (33. Qf3 $16) 33... Bc5 $1 $11 34. Qxc5 Qxb3 35. Qc6 {[%emt 0:00:01][%csl LRe8,LRf6] Inhibits Qf3.} Qf7 36. Bc4 Qh5 {[%emt 0:00:34][%csl LRg5,LRh4] ...Qg4+ is the strong threat.} 37. gxf6 Qg4+ 38. Kh2 Qxh4+ 39. Kg1 Qg4+ 40. Kh2 Rd8 {[%emt 0:00:54] ( -> ...Qh3+). Dancing on a razor blade.} 41. fxg7+ Qxg7 {[%emt 0:00:01] aiming for ...Qg5.} (41... Kxg7 $5 42. Qc7+ Kh6 43. Qb6+ (43. Qxd8 $2 Qg2#) 43... Kg7 44. Qc7+ Kh6 45. Qb6+ (45. Qxd8 $2 Qg2#) 45... Kg7 46. Qc7+ $11) 42. Bxf4 (42. Bb2 $5 Nh5 43. Qg2 $11) 42... exf4 43. Qe6 $2 (43. Be6 $11) 43... f3 $19 44. Bf1 {[%emt 0:01:17] Prevents Qg2+.} Rg8 45. Kh3 Qg4+ {[%emt 0:00:17] Black used his chance.  Weighted Error Value: White=0.67/Black=0.40} 0-1

[Event "III GM Brena Baja-La Palma 2022"]
[Site "La Palma"]
[Date "2022.04.10"]
[Round "3.3"]
[White "Pulvett Marin, Daniel Eduardo"]
[Black "Zwirs, Nico"]
[Result "1-0"]
[ECO "E04"]
[WhiteElo "2499"]
[BlackElo "2461"]
[Annotator "TA"]
[PlyCount "87"]
[EventDate "2022.04.01"]
[EventType "tourn"]
[EventCountry "ESP"]
[SourceTitle "playchess.com"]
[Source "ChessBase"]
[SourceQuality "1"]
[TimeControl "5400+30"]

1. d4 d5 2. c4 e6 3. Nf3 Nf6 4. g3 dxc4 5. Bg2 a6 6. Ne5 {[%emt 0:00:56][%mdl 1024] White has compensation.} Bb4+ {[%emt 0:00:20] E04: Open Catalan: 5 Nf3.} 7. Nc3 $1 {[%emt 0:00:40] Threatens to win with Qa4+.} (7. Bd2 Qxd4 8. Bxb4 Qxe5 $15) 7... Nd5 8. O-O O-O {[%emt 0:00:56] The position is equal.} 9. Ne4 {[%emt 0:01:06] now supersedes 9.Qc2.} b5 10. b3 cxb3 11. axb3 Bb7 {[%emt 0:00:28] [#]} 12. Bb2 $146 ({Predecessor:} 12. Qc2 h6 13. Nd3 Nd7 14. Bb2 a5 15. Ra2 Qe7 16. Rfa1 Ra6 17. Nc3 Bxc3 18. Bxc3 Nxc3 19. Bxb7 Nxa2 20. Bxa6 {½-½ (106) Gelfand,B (2680)-Vitiugov,N (2727) Yasnaya Polyana 2021}) 12... Nd7 13. Nd3 Be7 14. Qc2 a5 15. Rfd1 Ra6 16. Nec5 Nxc5 17. Nxc5 Bxc5 18. Qxc5 Qd7 19. e4 Nf6 20. d5 $36 {[%emt 0:00:11][%mdl 2048] White has the initiative.} (20. Ba3 b4 21. e5 Nd5 22. Bxd5 Qxd5 23. Qxd5 Bxd5 24. Bxb4 Rfa8 $15) 20... exd5 21. e5 Ng4 22. Bxd5 Bxd5 23. Rxd5 Qf5 24. Rad1 {[%emt 0:04:58] aiming for Rd8.} Raa8 {[%emt 0:11:56] Against Rd8} 25. h3 Nh6 26. Qd4 {[%cal Oe5e6] Strongly threatening e6!} (26. Qxb5 Qxh3 27. Qf1 Qe6 $15) (26. g4 {is more complex.} Nxg4 27. hxg4 Qxg4+ 28. Kf1) 26... Qe6 27. Rxb5 Nf5 28. Qd7 Qg6 29. Kh2 {Threatening g4. &Bianco is more active.} ({Don't play} 29. Qxc7 Nxg3 $1 30. Kh2 Ne4 $15) 29... h5 {[%emt 0:05:30] Prevents g4.} 30. Rbd5 (30. Qxc7 Qa6 31. Qd7 Rad8 32. Qxd8 Rxd8 33. Rxd8+ Kh7) 30... c6 31. R5d2 (31. Rc5 $5 Qe6 32. Bc3 $16 (32. Rxc6 Qxb3 33. Bc3 Rfd8 $11)) 31... Rad8 32. Qc7 Rxd2 33. Rxd2 Ra8 34. Qb7 Re8 35. Qd7 Rb8 {[%emt 0:00:59] [#]} (35... Qe6 $11 {remains equal.}) 36. Qa7 $1 $16 Rxb3 (36... Rc8 $16) 37. Rd8+ Kh7 {[%emt 0:00:40] [#]} 38. Qa8 $1 Qe6 (38... Qxg3+ 39. fxg3) 39. Rh8+ Kg6 {[%emt 0:00:09] [#]} 40. Qg8 $1 {White mates.} Nxg3 (40... Rxg3 41. fxg3) 41. Qh7+ Kg5 42. Bc1+ Kh4 43. fxg3+ Rxg3 44. Qxh5# {Weighted Error Value: White=0.14 (very precise) /Black=0.24 (precise)} 1-0

[Event "III GM Brena Baja-La Palma 2022"]
[Site "La Palma"]
[Date "2022.04.10"]
[Round "4.1"]
[White "Strikovic, Aleksa"]
[Black "Zwirs, Nico"]
[Result "1-0"]
[ECO "A13"]
[WhiteElo "2486"]
[BlackElo "2461"]
[Annotator "TA"]
[PlyCount "159"]
[EventDate "2022.04.01"]
[EventType "tourn"]
[EventCountry "ESP"]
[SourceTitle "playchess.com"]
[Source "ChessBase"]
[SourceQuality "1"]
[TimeControl "5400+30"]

1. c4 e6 2. Nf3 Nf6 3. b3 d5 4. Bb2 c5 5. cxd5 exd5 6. g3 Nc6 7. Bg2 d4 8. O-O Be7 9. e3 O-O 10. Na3 Bg4 11. h3 Bh5 12. exd4 cxd4 13. Nc2 Bc5 14. Nce1 Qb6 15. g4 Bg6 16. Nh4 Be4 17. f3 Bd5 18. Nd3 Rfe8 19. g5 Nd7 20. f4 Bxg2 21. Kxg2 Bf8 22. Qf3 Nc5 23. Ne5 Rad8 24. Ba3 (24. Qh5 $2 Nxe5 25. fxe5 Qc7 $19) 24... Nxe5 (24... d3 $1 $17 {...Nd4 is the strong threat.} 25. Kh1 (25. Qh5 $2 g6 $19) 25... Qa5) 25. fxe5 $15 Qc6 (25... Rd7 $15 {is more appropriate.} 26. Bxc5 Qxc5) 26. Qxc6 $11 bxc6 27. Bxc5 Bxc5 28. Nf3 Ba3 29. Rae1 a5 30. Re4 c5 31. d3 Bb4 32. Re2 Ra8 33. Kg3 a4 34. Rb1 axb3 35. Rxb3 Ra4 36. Kf4 Rea8 37. Ke4 g6 38. Rbb2 Kg7 39. Rf2 R8a7 40. Nh2 h5 41. gxh6+ Kxh6 42. Ng4+ Kg7 43. Nf6 Be1 44. Rg2 Bh4 (44... c4 $11) 45. Ne8+ $1 $16 Kf8 46. Nd6 Ra8 47. Kd5 Be7 {[%emt 0:00:30] [#]} (47... R4a5 $16) 48. Nc4 (48. Rgf2 $1 $18 f6 49. Rb6 (49. exf6 Bxd6 50. Kxd6 c4 $11)) 48... Rd8+ 49. Ke4 Ra7 50. Rbf2 (50. Rb5 $16) 50... Kg7 $14 51. Rf4 (51. Rf1 $14) 51... Rh8 52. Rf3 Rd7 53. a4 Rh4+ 54. Rg4 Rxg4+ $2 (54... Rh6 $16) 55. hxg4 $18 Ra7 56. Nb2 $2 (56. Nd6 $18 {has better winning chances.} Bxd6 57. exd6) 56... Bg5 (56... f6 $16) 57. Rf1 $18 Bd2 (57... Ra6 $142 58. Kd5 Ra5) 58. Nc4 $18 Bc3 59. Nd6 c4 60. dxc4 Re7 (60... Kg8 $142 61. Rf3 Rxa4 62. Rxf7 d3) 61. Nb5 $18 Bb2 62. Rb1 Bc3 63. Nxd4 f6 (63... Ra7 $142 64. Nb5 Rxa4 65. Nxc3 Rxc4+ 66. Kd3 Rxg4) 64. Nc6 $18 Re8 65. Rb5 fxe5 66. g5 (66. Rb8 $142 Rxb8 67. Nxb8) 66... Rc8 67. Rb6 Ra8 68. Kd3 (68. Rb7+ $142 Kf8 69. Kd3) 68... Be1 $18 69. Rb1 Bh4 70. Rb7+ Kf8 71. a5 Bxg5 72. Ke4 $2 (72. Rb8+ {mates} Rxb8 73. Nxb8 Bh4 74. a6 Bf2 75. c5 Ke8 76. a7 Bh4 77. a8=Q) 72... Bd2 $18 {[%emt 0:00:16] [#]} 73. Rb2 $1 ({Resist} 73. Kxe5 $6 Bxa5 74. Nxa5 Rxa5+ 75. Kd6 Ra6+ 76. Kd7 Ra3 $16) ({Don't do} 73. Nxe5 Rxa5 74. c5 (74. Nxg6+ Ke8 $16) 74... Be1 $16) 73... Rc8 $2 (73... Be1 74. Rb1 Bd2) 74. Kd5 $18 ({Not} 74. Rxd2 Rxc6 75. Kd5 (75. Kxe5 Rxc4 76. Kd6 Ra4 $16) 75... Ra6 $16) 74... Bc3 75. Rb3 Bd2 76. a6 e4 77. a7 e3 78. Rb8 e2 79. Rxc8+ Kf7 80. Rc7+ 1-0

[Event "III GM Brena Baja-La Palma 2022"]
[Site "La Palma"]
[Date "2022.04.10"]
[Round "4.2"]
[White "Herrera Reyes, Jose Antonio"]
[Black "Pulvett Marin, Daniel Eduardo"]
[Result "0-1"]
[ECO "B35"]
[WhiteElo "2319"]
[BlackElo "2499"]
[Annotator "TA"]
[PlyCount "68"]
[EventDate "2022.04.01"]
[EventType "tourn"]
[EventCountry "ESP"]
[SourceTitle "playchess.com"]
[Source "ChessBase"]
[SourceQuality "1"]
[TimeControl "5400+30"]

1. e4 c5 2. Nc3 Nc6 3. Nf3 g6 4. d4 cxd4 5. Nxd4 Bg7 6. Be3 Nf6 7. Bc4 O-O 8. Bb3 a5 9. a4 Ng4 10. Qxg4 Nxd4 11. Qh4 e6 {[%emt 0:07:57] Against Nd5. B35: Sicilian: Accelerated Dragon with 5 Nc3: main line.} 12. Qxd8 Rxd8 13. O-O-O Nxb3+ {[%emt 0:00:11] White is slightly better.} 14. cxb3 d5 {[%emt 0:17:25] [#]} 15. f4 $146 ({Predecessor:} 15. Bd4 dxe4 16. Bxg7 Rxd1+ 17. Rxd1 Kxg7 18. Nxe4 b6 19. Nd6 Ba6 20. Kc2 Kf8 21. b4 axb4 {½-½ (32) Perenyi,B (2370)-Radosavljevic,S (2280) Balatonbereny 1988}) 15... Ra6 (15... Bd7 $5 ) 16. e5 ({Much weaker is} 16. exd5 exd5 17. Rxd5 Rxd5 18. Nxd5 Rc6+ 19. Kb1 Bf5+ 20. Ka2 Rc2 $11) 16... Bd7 17. Kb1 Bf8 18. h4 b6 19. h5 Bc5 20. Bc1 Raa8 21. f5 (21. hxg6 $11 {remains equal.} fxg6 22. Ne2) 21... gxf5 $17 {[%emt 0:04:19][%cal Of7f6,Bg6f5,Bf5g4][%mdl 32] Strongly threatening ...f6!} 22. g4 $2 {[%emt 0:00:10] [#] Now White is beyond hope.} (22. Bg5 $17) 22... fxg4 $19 23. Rh4 f5 24. exf6 e5 25. f7+ (25. Rxd5 $142 Bf5+ 26. Ka2) 25... Kxf7 {[%emt 0:01:28] Black is clearly winning.} 26. Rf1+ Ke6 {[%emt 0:00:12] White must now prevent ...Rg8.} 27. Rxg4 Rg8 {[%emt 0:00:12] Prevents Rg7.} 28. Rh4 Raf8 29. Rd1 Rg1 30. Rxg1 Bxg1 31. Rg4 Rf1 32. Kc2 Kf7 {[%emt 0:08:22] Inhibits Rg7+.} 33. Rg3 Bf5+ 34. Kd2 Bh2 {[%emt 0:01:53] Weighted Error Value: White=0.54/Black=0.06 (flawless)} 0-1

[Event "III GM Brena Baja-La Palma 2022"]
[Site "La Palma"]
[Date "2022.04.10"]
[Round "4.3"]
[White "Kurajica, Bojan"]
[Black "Petkov, Vladimir"]
[Result "1/2-1/2"]
[ECO "E11"]
[WhiteElo "2519"]
[BlackElo "2491"]
[Annotator "TA"]
[PlyCount "23"]
[EventDate "2022.04.01"]
[EventType "tourn"]
[EventCountry "ESP"]
[SourceTitle "playchess.com"]
[Source "ChessBase"]
[SourceQuality "1"]
[TimeControl "5400+30"]

1. d4 Nf6 2. c4 e6 3. Nf3 Bb4+ 4. Bd2 Qe7 5. g3 Nc6 6. a3 Bxd2+ 7. Qxd2 $1 {[%emt 0:01:24] 7.Qxd2 is better than 7.Nbxd2.} O-O {[%emt 0:05:05] E11: Bogo-Indian.} 8. Bg2 d5 9. O-O a5 {[%emt 0:02:15] White is slightly better.} 10. Qc2 Rd8 {[%emt 0:04:18] [#]} 11. cxd5 $146 ({Predecessor:} 11. Nbd2 a4 12. Rfc1 Bd7 13. e3 Rdc8 14. Ne5 Na5 15. c5 Be8 16. Nd3 Bb5 17. Bf1 {½-½ (47) Ton That Nhu,T (2144)-Torre,E (2496) Ho Chi Minh City 2012}) 11... exd5 12. Nc3 {[%emt 0:00:10] White took control after the opening.  Weighted Error Value: White=0.05 (flawless) /Black=0.07 (flawless)} 1/2-1/2

[Event "III GM Brena Baja-La Palma 2022"]
[Site "La Palma"]
[Date "2022.04.11"]
[Round "5.1"]
[White "Petkov, Vladimir"]
[Black "Strikovic, Aleksa"]
[Result "1/2-1/2"]
[ECO "D36"]
[WhiteElo "2491"]
[BlackElo "2486"]
[Annotator "TA"]
[PlyCount "50"]
[EventDate "2022.04.01"]
[EventType "tourn"]
[EventCountry "ESP"]
[SourceTitle "playchess.com"]
[Source "ChessBase"]
[SourceQuality "1"]
[TimeControl "5400+30"]

1. d4 d5 2. c4 e6 3. Nc3 Nf6 4. cxd5 exd5 5. Bg5 Nbd7 6. Qc2 c6 7. e3 Be7 8. Bd3 O-O 9. Nf3 Re8 10. h3 Nf8 11. O-O g6 12. Bxf6 {[%emt 0:04:49] 12.Ne5 is a critical line.} Bxf6 13. b4 Ne6 {[%emt 0:00:32] [#]} {Predecessor:} 14. Na4 $146 {D36: Queen's Gambit Declined: Exchange Variation: Main line (5 Bg5 c6 6 Qc2).} a6 15. Rab1 Be7 16. Nc5 Bd6 17. Nxe6 Bxe6 18. a4 Qf6 19. Nd2 Qe7 20. Qb2 Bxh3 21. gxh3 Qg5+ 22. Kh1 Qh4 23. Kg2 Qg5+ 24. Kh1 Qh4 25. Kg2 Qg5+ {½-½ (25) Prusikin,M (2538)-Bruzon Batista,L (2622) Dresden 2008} 1/2-1/2